 Dungeon Crawl Stone Soup version 0.19.4-9-g45fd643 (webtiles) character file.

226 GordonOverkill the Shield-Bearer (level 6, -5/42 HPs)
             Began as an Octopode Fighter on Feb 21, 2017.
             Slain by Sigmund
             ... wielding a +0 scythe of protection
              (11 damage)
             ... on level 3 of the Dungeon.
             The game lasted 00:12:14 (4158 turns).

GordonOverkill the Shield-Bearer (Octopode Fighter) Turns: 4158, Time: 00:12:15

Health: -5/42      AC:  1    Str: 20    XL:     6   Next: 1%
Magic:  6/6        EV: 12    Int: 12    God:
Gold:   233        SH:  9    Dex: 12    Spells: 0 memorised, 5 levels left

rFire  . . .     SeeInvis .     a - +0 trident
rCold  . . .     Gourm    .     b - +0 shield
rNeg   . . .     Faith    .     (helmet restricted)
rPois  .         Spirit   .     (no amulet)
rElec  .         Reflect  .     (no ring)
rCorr  .         Harm     .     (no ring)
MR     .....                    (no ring)
Stlth  ++........               (no ring)
                                (no ring)
                                (no ring)
                                (no ring)
                                (no ring)

@: mighty
A: almost no armour, stealthy swim, amphibious, 8 rings, constrict 8, camouflage
1, gelatinous body 1
a: no special abilities


You were on level 3 of the Dungeon.
You were not hungry.

You visited 1 branch of the dungeon, and saw 3 of its levels.

You collected 233 gold pieces.

Inventory:

Hand Weapons
 a - a +0 trident (weapon)
Missiles
 m - 106 stones (quivered)
Armour
 b - a +0 shield (worn)
Jewellery
 h - an uncursed amulet of magic regeneration
Scrolls
 k - a scroll of blinking {unknown}
 l - a scroll of enchant armour {unknown}
Potions
 e - a potion of curing
 g - a potion of magic
 i - a potion of heal wounds {unknown}
Comestibles
 d - a bread ration
 f - a chunk of flesh
 j - 2 meat rations


   Skills:
 + Level 3.6 Fighting
 * Level 4.1 Polearms
 + Level 3.4 Dodging
 * Level 4.5 Shields


You had 5 spell levels left.
You didn't know any spells.

Dungeon Overview and Level Annotations

Branches:
Dungeon (3/15)

Altars:
Cheibriados
Elyvilon
Gozag

Annotations:
D:3 Sigmund


Innate Abilities, Weirdness & Mutations

You cannot wear most types of armour.
You are very stealthy in the water. (Stealth+)
You are amphibious.
You can wear up to eight rings at the same time.
You can use your tentacles to constrict eight enemies at once.
Your skin changes colour to match your surroundings (Stealth+).
Your rubbery body absorbs attacks. (AC +1, EV +1)


Message History

You feel very mighty all of a sudden. Sigmund gestures at you while chanting.
You resist with some effort.
Attack whom?
Press: ? - help, Dir - move target cursor, f - Sigmund
Aim: Sigmund, wielding a scythe of protection and wearing a robe You reach to attack!
You hit Sigmund but do no damage.
Sigmund hits you from afar with a scythe of protection.
Sigmund casts a spell at you. The magic dart hits you!
You puncture Sigmund! You grab Sigmund.
Sigmund is heavily wounded.
You constrict Sigmund.
Sigmund hits you with a scythe of protection!
* * * LOW HITPOINT WARNING * * *
You puncture Sigmund!
Sigmund is severely wounded.
You constrict Sigmund.
Sigmund hits you with a scythe of protection!
You die...

#.##.##.######....
#...........###.#.
.......##...(.##.###
#####%. #.......## #
####@. #.....##.###
#..... #.....###.#.
# #.##.# #######
##.# #.##.##(# ###
#....@@.# #########
####.#######.......#
#>........#####.#
########........###
#..##.......
#..##.##[###
#.....##.#
##.....>.# #.#####.#


You could see Sigmund.

Vanquished Creatures
  Robin (D:2)
  3 gnolls (D:2)
  8 adders
  An ooze (D:2)
  3 worms
  5 dart slugs
  4 leopard geckos
  An orc (D:3)
  4 giant cockroaches (D:2)
  15 goblins
  9 hobgoblins
  6 jackals
  8 kobolds
  2 quokkas (D:2)
  A ball python (D:2)
  7 bats
  9 frilled lizards
  4 rats
91 creatures vanquished.

Vanquished Creatures (others)
  A kobold (D:3)
  A rat (D:3)
2 creatures vanquished.

Grand Total: 93 creatures vanquished

Notes
Turn   | Place    | Note
-------+----------+-------------------------------------------
     0 | D:1      | GordonOverkill the Octopode Fighter began the quest for the Orb.
     0 | D:1      | Reached XP level 1. HP: 16/16 MP: 1/1
   326 | D:1      | Reached XP level 2. HP: 21/21 MP: 2/2
  1044 | D:1      | Reached XP level 3. HP: 26/26 MP: 3/3
  1628 | D:1      | Reached XP level 4. HP: 20/31 MP: 4/4
  2113 | D:2      | Noticed Robin
  2181 | D:2      | Killed Robin
  2764 | D:2      | Reached XP level 5. HP: 36/36 MP: 5/5
  2769 | D:2      | Found an opulent altar of Gozag.
  3303 | D:2      | Found a snail-covered altar of Cheibriados.
  3598 | D:3      | Noticed Sigmund
  3723 | D:3      | Found a white marble altar of Elyvilon.
  4140 | D:3      | Reached XP level 6. HP: 41/42 MP: 6/6
  4158 | D:3      | Slain by Sigmund

Skill      XL: |  1  2  3  4  5 |
---------------+----------------+-----
Polearms       | 3 4 |  4.1
Shields        | 4 |  4.5
Fighting       | |  3.6
Dodging        | |  3.4

Action                   |  1- 3 |  4- 6 || total
-------------------------+-------+-------++-------
Melee: Trident           |    71 |   135 ||   206
       Constrict         |    10 |    22 ||    32
       Tentacles         |     6 |    13 ||    19
Throw: Stone             |       |    10 ||    10
  Use: Scroll            |     1 |     4 ||     5
       Potion            |       |     2 ||     2
 Stab: Sleeping          |     4 |     8 ||    12
       Distracted        |       |     2 ||     2
  Eat: Chunk             |     2 |     8 ||    10
Armor: Skin              |     5 |     4 ||     9
Dodge: Dodged            |    14 |    39 ||    53
Block: Shield            |    16 |    35 ||    51
